 Dungeon Crawl Stone Soup version 0.31-a0-963-ga325b2283a (webtiles) character file.

Game seed: 4824014017236979426

1226 strifetoe the Cudgeller (level 8, -1/71 HPs)
             Began as an Armataur Berserker on Oct 25, 2023.
             Was a Believer of Trog.
             Slain by a red ugly thing (8 damage)
             ... on level 6 of the Dungeon.
             The game lasted 00:06:02 (3741 turns).

strifetoe the Cudgeller (Armataur Berserker)        Turns: 3741, Time: 00:06:03

Health: -1/71      AC: 18    Str: 27    XL:     8   Next: 23%
Magic:  0/8        EV:  3    Int:  8    God:    Trog [**....]
Gold:   201        SH:  0    Dex: 10    Spells: 7/7 levels left

rFire   + . .        p - +0 dire flail (protect)
rCold   + . .        (shield currently unavailable)
rNeg    + . .        c - +0 crystal plate armour of Orche Luo {rElec rN+ Str+3}
rPois   +            t - +1 helmet
rElec   +            v - +2 cloak
rCorr   +            m - +0 pair of gloves
SInv    .            (no barding)
Will    .....        o - amulet of guardian spirit Stlth
                     (no ring)
HPRegen 0.31/turn    (no ring)
MPRegen 0.11/turn

%: guardian spirit, roll
@: resistant
A: large, rugged brown scales 3, deformed body, armoured tail, roll, long
tongue, awkward tongue
a: Renounce Religion, Berserk, Trog's Hand


You were on level 6 of the Dungeon.
You worshipped Trog.
Trog was pleased with you.
You visited 1 branch of the dungeon, and saw 7 of its levels.

You collected 201 gold pieces.

Inventory:

Hand Weapons
 a - a +0 mace
 p - a +0 dire flail of protection (weapon)
Armour
 c - the +0 crystal plate armour of Orche Luo (worn) {rElec rN+ Str+3}
   (You found it on level 4 of the Dungeon)

   Str+3:     It affects your strength (+3).
   rElec:     It insulates you from electricity.
   rN+:       It protects you from negative energy.
 m - a +0 pair of gloves (worn)
 q - a +2 chain mail of fire resistance
 t - a +1 helmet (worn)
 v - a +2 cloak (worn)
Jewellery
 e - a ring of magical power
 f - a ring of resist corrosion
 o - an amulet of guardian spirit (around neck)
 u - an amulet of faith
Scrolls
 d - 3 scrolls of amnesia
 i - a scroll of blinking {unknown}
 l - a scroll of identify
 s - a scroll of torment {unknown}
Potions
 g - 3 potions of curing
 j - a potion of enlightenment
 n - a potion of mutation
 r - a potion of might {unknown}


   Skills:
 - Level 4.6 Fighting
 + Level 7.7 Maces & Flails
 + Level 3.8 Armour
 + Level 2.3 Dodging
 + Level 2.7 Stealth


You had 7 spell levels left.
You didn't know any spells.
Your spell library was empty.

Dungeon Overview and Level Annotations

Branches:
Dungeon (7/15)             Temple (0/1) D:5

Altars:
Uskayaw

Annotations:
D:7 Pikel


Innate Abilities, Weirdness & Mutations

You are completely covered in rugged brown scales. (AC +3, +7% HP)
Armour fits poorly on your strangely shaped body.
You have a long armoured tail.
You roll when moving toward enemies. (Rampage)
Your long tongue fully drains potion bottles. (2x potion effects)
Your tongue gives you trouble enunciating. (1.5x scroll delay)


Message History

The red ugly thing punches you but does no damage.
You feel the effects of Trog's Hand fading.
The red ugly thing completely misses you.
Found a stone staircase leading up.
Okay, then.
It was a potion of resistance.
You feel protected.
You slurp down every last drop of the potion of resistance!
You feel yourself speed up. The red ugly thing punches you.
You are engulfed in flames.
You resist. The red ugly thing punches you.
* * * LOW HITPOINT WARNING * * *
You are engulfed in flames!
You resist.
* * * LOW HITPOINT WARNING * * *
The red ugly thing attacks as it pursues you!
The red ugly thing punches you but does no damage.
There is a stone staircase leading down here.
Your skin stops crawling.
You feel less strong-willed.
The red ugly thing attacks as it pursues you!
The red ugly thing punches you but does no damage.
The red ugly thing attacks as it pursues you!
The red ugly thing punches you.
* * * LOW HITPOINT WARNING * * *
You are engulfed in flames.
You resist.
* * * LOW HITPOINT WARNING * * *
There is a stone staircase leading up here.
The red ugly thing punches you.
* * * LOW HITPOINT WARNING * * *
You are engulfed in flames.
You resist.
* * * LOW HITPOINT WARNING * * *
You climb upwards.
There is a stone staircase leading down here.
The red ugly thing punches you but does no damage.
The red ugly thing attacks as it pursues you!
The red ugly thing punches you but does no damage.
You recover from your berserk rage.
The red ugly thing punches you but does no damage.
The red ugly thing attacks as it pursues you!
The red ugly thing punches you!
You die...

.......>...#
#.#..##.##.#
#.. #.##.# #
#....#
#.#### #.#
#.# #u# #@#
#.# #.# #.#
#.# #.# #.#
#.#


You could see a red ugly thing.

Vanquished Creatures
  A komodo dragon (D:7)
  Eustachio (D:5)
  Edmund (D:4)
  An orc warrior (D:7)
  A centaur (D:7)
  Blork the orc (D:4)
  3 scorpions
  2 hounds
  2 sleepcaps (D:5)
  An iguana (D:5)
  5 adders
  A shadow imp (D:5)
  2 worms
  A dart slug (D:4)
  14 orcs
  4 bats
  6 endoplasms
  4 giant cockroaches
  5 goblins
  7 hobgoblins
  11 jackals
  7 kobolds
  3 quokkas
  12 ball pythons
  5 rats
101 creatures vanquished.

Notes
Turn   | Place    | Note
-------+----------+-------------------------------------------
     0 | D:1      | strifetoe the Armataur Berserker began the quest for the
                  | Orb.
     0 | D:1      | Reached XP level 1. HP: 19/19 MP: 1/1
    31 | D:1      | Reached skill level 3 in Maces & Flails
   395 | D:1      | Reached XP level 2. HP: 13/26 MP: 2/2
   538 | D:1      | Found a faded altar of an unknown god.
  1138 | D:2      | Reached XP level 3. HP: 31/32 MP: 3/3
  1185 | D:2      | Reached skill level 4 in Maces & Flails
  1209 | D:2      | Reached ** piety under Trog
  1879 | D:3      | Reached XP level 4. HP: 28/39 MP: 4/4
  2057 | D:3      | Found a hide-covered altar of Uskayaw.
  2280 | D:4      | Noticed a scorpion
  2286 | D:4      | Killed a scorpion
  2287 | D:4      | Reached skill level 5 in Maces & Flails
  2287 | D:4      | Reached XP level 5. HP: 33/44 MP: 5/5
  2504 | D:4      | Noticed Edmund
  2527 | D:4      | HP: 3/66 [Edmund/+0 dire flail of protection (4)]
  2534 | D:4      | Killed Edmund
  2535 | D:4      | Reached skill level 6 in Maces & Flails
  2535 | D:4      | Reached XP level 6. HP: 13/53 MP: 1/6
  2715 | D:4      | Identified the +0 crystal plate armour of Orche Luo {rElec
                  | rN+ Str+3}
  2819 | D:4      | Noticed Blork the orc
  2838 | D:4      | Killed Blork the orc
  3074 | D:5      | Entered Level 5 of the Dungeon
  3108 | D:5      | Reached XP level 7. HP: 60/62 MP: 5/7
  3114 | D:5      | Reached skill level 7 in Maces & Flails
  3485 | D:5      | Noticed Eustachio
  3497 | D:5      | Killed Eustachio
  3526 | D:5      | Found a staircase to the Ecumenical Temple.
  3629 | D:5      | You fall into a shaft and drop 2 floors!
  3645 | D:7      | Noticed a wyvern
  3652 | D:7      | Noticed Pikel
  3666 | D:7      | Noticed a komodo dragon
  3680 | D:7      | Killed a komodo dragon
  3681 | D:7      | Reached XP level 8. HP: 60/71 MP: 2/8
  3714 | D:7      | Noticed a red ugly thing
  3741 | D:6      | Slain by a red ugly thing

Illustrated notes

Levels and vault maps discovered:
D:1:      dpeg_arrival_refuge, layout_basic,
          shapermc_ecumenical_altar_mp_highgroup,
          chequers_serial_rivers_micro_a, minmay_door_square
D:2:      layout_basic
D:3:      layout_basic, mainiacjoe_overflow_small_starburst, grunt_ministairs_15
D:4:      layout_rooms, uniq_edmund, uniq_blork_the_orc
D:5:      layout_layer_cave, minmay_temple_entry_statues_pillars,
          minmay_fractal_squares_5, uniq_eustachio
D:6:      layout_basic, mainiacjoe_overflow_24_doors
D:7:      nicolae_cairo_tiling_large_dashed, layout_rooms,
          grunt_dithmenos_shadows, kb_rosetta, uniq_pikel

Skill      XL: |  1  2  3  4  5  6  7 |
---------------+----------------------+-----
Maces & Flails | 3 4 5 6 7 |  7.7
Fighting       | 3 4 |  4.6
Armour         | 3 |  3.8
Dodging        | 2 |  2.3
Stealth        | 2 |  2.7

Action                     |  1- 3 |  4- 6 |  7- 9 || total
---------------------------+-------+-------+-------++-------
  Melee: Mace              |   105 |    93 |       ||   198
         Tailslap          |     4 |    16 |     4 ||    24
         Punch             |       |     1 |       ||     1
         Dire flail        |       |    44 |    52 ||    96
 Invoke: Trog's Hand       |       |     2 |     2 ||     4
         Berserk           |       |     1 |     1 ||     2
    Use: Scroll            |       |     5 |     3 ||     8
         Potion            |       |       |     1 ||     1
   Stab: Sleeping          |     1 |       |       ||     1
 Armour: Animal skin       |    80 |    16 |       ||    96
         Chain mail        |       |    59 |       ||    59
         Crystal plate arm |       |    63 |    79 ||   142
  Dodge: Dodged            |    46 |    47 |    12 ||   105

Table legend: (Time is in decaauts)
 A = Elapsed time spent in this place.
 B = Non-inter-level travel time spent in this place.
 C = Inter-level travel time spent in this place.
 D = Time resting spent in this place.
 E = Time spent auto-exploring this place.
 F = Levels seen in this place.
 G = Mean time per level.
                   A        B        C        D        E       F      G
               +--------+--------+--------+--------+--------+-----+--------+
         Total |   3787 |   3621 |    166 |    241 |   2645 |   7 |  541.0 |
       Dungeon |   3787 |   3621 |    166 |    241 |   2645 |   7 |  541.0 |
               +--------+--------+--------+--------+--------+-----+--------+

Top non-repeatable levels by time:
     D:1: 1019 daAuts
     D:4: 819 daAuts
     D:2: 717 daAuts
     D:3: 559 daAuts
     D:5: 553 daAuts
     D:7: 111 daAuts
     D:6: 7 daAuts
